 Dungeon Crawl Stone Soup version 0.22-a0 (webtiles) character file.

11824 sagitran the Cleaver (level 11, -1/97 HPs)
             Began as a Hill Orc Fighter on Dec 31, 2017.
             Was a Priest of Beogh.
             Succumbed to Urug's poison
             ... on level 11 of the Dungeon.
             The game lasted 00:44:38 (11786 turns).

sagitran the Cleaver (Hill Orc Fighter)            Turns: 11786, Time: 00:44:38

Health: -1/97      AC: 13    Str: 18 (21) XL:     11   Next: 83%
Magic:  3/12       EV:  9    Int:  7 (9)  God:    Beogh [***...]
Gold:   596        SH: 11    Dex:  8 (11) Spells: 11/12 levels left

rFire    + + +     SeeInvis .   a - +2 war axe
rCold    . . .     Gourm    +   c - +0 shield
rNeg     . . .     Faith    .   s - +2 scale mail {rF+}
rPois    +         Spirit   .   k - +0 helmet
rElec    +         Reflect  .   (no cloak)
rCorr    +         Harm     .   (no gloves)
MR       .....                  (no boots)
Stlth    ..........             t - amulet of the gourmand
HPRegen  0.26/turn              v - +2 ring of protection
MPRegen  0.13/turn              w - ring of fire

@: lethally poisoned (-1 -> -33), resistant
A: no striking features
a: Smiting, Renounce Religion


You were on level 11 of the Dungeon.
You worshipped Beogh.
Beogh was most pleased with you.
You were completely stuffed.

You visited 2 branches of the dungeon, and saw 12 of its levels.

You collected 596 gold pieces.

Inventory:

Hand Weapons
 a - a +2 war axe (weapon)
 h - a +0 dagger of draining
 D - a +1 short sword
Missiles
 y - 19 tomahawks (quivered)
 N - 3 tomahawks of dispersal
Armour
 b - a +0 scale mail
 c - a +0 shield (worn)
 g - a +0 leather armour of positive energy
 k - a +0 helmet (worn)
 s - a +2 scale mail of fire resistance (worn)
 J - a cursed +0 chain mail
Magical Staves
 K - an uncursed staff of death
 P - an uncursed staff of air {unknown}
Jewellery
 t - an amulet of the gourmand (around neck)
 v - a +2 ring of protection (left hand)
 w - a ring of fire (right hand)
 z - an uncursed ring of protection from fire
 C - a cursed amulet of harm {unknown}
 H - a +2 amulet of reflection {unknown}
 L - an uncursed amulet of guardian spirit
Wands
 d - a wand of flame (33)
 m - a wand of iceblast (7)
 x - a wand of enslavement (21)
 F - a wand of polymorph (11)
 O - a wand of acid (13)
Scrolls
 e - 2 scrolls of random uselessness {unknown}
 i - 4 scrolls of remove curse
 j - a scroll of brand weapon {unknown}
 l - 2 scrolls of amnesia {unknown}
 p - 5 scrolls of fog
 q - a scroll of noise {unknown}
 r - 4 scrolls of enchant armour {unknown}
 u - a scroll of immolation {unknown}
 A - 2 scrolls of blinking {unknown}
 B - a scroll of teleportation {unknown}
Books
 n - a book of the Tempests

   Spells                             Type                      Level
   a - Static Discharge               Conjuration/Air              3
   b - Lightning Bolt                 Conjuration/Air              5
   c - Ignition                       Fire                         8
   d - Tornado                        Air                          9
   e - Shatter                        Earth                        9
 o - a book of Flames

   Spells                             Type                      Level
   a - Flame Tongue                   Conjuration/Fire             1
   b - Throw Flame                    Conjuration/Fire             2
   c - Conjure Flame                  Conjuration/Fire             3
   d - Inner Flame                    Hexes/Fire                   3
   e - Sticky Flame                   Conjuration/Fire             4
   f - Fireball                       Conjuration/Fire             5
 I - a book of Cantrips

   Spells                             Type                      Level
   a - Confusing Touch                Hexes                        1
   b - Animate Skeleton               Necromancy                   1
   c - Summon Small Mammal            Summoning                    1
   d - Apportation                    Translocation                1
Comestibles
 f - 15 rations
 M - 6 chunks of flesh


   Skills:
 + Level 9.5 Fighting
 + Level 13.8 Axes
 + Level 4.5 Throwing
 + Level 8.4 Armour
 + Level 3.4 Dodging
 + Level 1.2 Stealth
 + Level 9.0 Shields
 + Level 1.0 Spellcasting
 + Level 1.5 Conjurations
 + Level 1.5 Fire Magic
 + Level 2.1 Invocations
 + Level 1.0 Evocations


You had 11 spell levels left.
You knew the following spells:

 Your Spells              Type           Power        Failure   Level  Hunger
a - Flame Tongue          Conj/Fire      #....        80%         1    ##.....


Dungeon Overview and Level Annotations

Branches:
Dungeon (11/15)            Temple (1/1) D:6            Lair (0/6) D:8
    Orc: D:9-12

Altars:
Ashenzari
Dithmenos
Kikubaaqudgha
Trog
Uskayaw
Vehumet
The Shining One

Annotations:
D:11 Sonja


Message History

* * * LOW HITPOINT WARNING * * *
You feel very sick.
Your orc knight misses Sonja.
Sonja unwields an uncursed enchanted blowgun.
Sonja wields an uncursed short sword of venom.
It begins to drip with poison!
Sonja hits your orc knight with an uncursed short sword of venom!
Your orc knight looks as sick as possible!
Sonja barely misses your orc knight.
Sonja hits your orc knight but does no damage.
Your orc knight looks as sick as possible!
Casting: Flame Tongue
Confirm with . or Enter, or press ? or * to list all spells.
Okay, then.
Aiming: Smiting
Press: ? - help, Dir - move target cursor, f - Sonja Smite: Sonja, wielding a short sword of venom (black smoke, fast)
You smite Sonja!
Sonja is moderately wounded.
You die...

........)....††.....
.
##.###..##########.
.. #.....# #. .). #
#.....# #. ..h
#.#.._..# ## ..
#.......# #
#§####.....# #
#HKo§####.## #
####@# #.# #
#§####.# # #§§....#
########


You could see Sonja and a friendly orc knight.

Vanquished Creatures
  3 two-headed ogres
  Urug (D:11)
  An ugly thing (D:11)
  Joseph (D:7)
  A gargoyle (D:10)
  Prince Ribbit (D:7)
  3 hippogriffs
  A wraith (D:11)
  8 yaks
  2 hungry ghosts
  A water moccasin (D:9)
  4 orc warriors
  3 porcupines (D:8)
  A sky beast (D:9)
  4 phantoms
  An ice beast (D:8)
  2 black bears
  A hornet zombie (D:6)
  4 ogres
  4 centaurs
  A crocodile (D:8)
  A big kobold (D:8)
  5 bullfrogs
  2 gnoll sergeants
  A wyvern zombie (D:6)
  5 scorpions
  A water moccasin skeleton (D:9)
  6 killer bees
  4 wights (D:8)
  A howler monkey (D:9)
  6 crimson imps
  A jelly (D:8)
  3 hounds
  7 orc wizards
  A gnoll shaman (D:6)
  3 orc priests
  An iguana (D:7)
  4 worker ants
  A killer bee zombie (D:5)
  3 hound zombies (D:8)
  A howler monkey skeleton (D:5)
  16 gnolls
  10 adders
  3 shadow imps
  2 oozes
  2 adder skeletons
  4 worms
  A dart slug (D:1)
  3 leopard geckos
  45 orcs
  3 bats
  2 giant cockroaches
  9 goblins
  5 hobgoblins
  8 jackals
  A quokka (D:6)
  A ball python (D:1)
  6 frilled lizards
  2 jackal skeletons
  4 kobolds
  8 rats
240 creatures vanquished.

Vanquished Creatures (collateral kills)
  Erolcha (D:11)
  A two-headed ogre (D:10)
  2 yaks (D:10)
  A bullfrog (D:11)
  2 killer bees (D:11)
  A hound (D:10)
  An iguana (D:11)
9 creatures vanquished.

Vanquished Creatures (others)
  A wizard (D:6)
  A hound (D:5)
  4 orcs
  48 fungi (D:8)
  16 plants (D:8)
70 creatures vanquished.

Grand Total: 319 creatures vanquished

Notes
Turn   | Place    | Note
-------+----------+-------------------------------------------
     0 | D:1      | sagitran the Hill Orc Fighter began the quest for the Orb.
     0 | D:1      | Reached XP level 1. HP: 19/19 MP: 1/1
   125 | D:1      | Reached skill level 3 in Axes
   125 | D:1      | Reached XP level 2. HP: 25/27 MP: 2/2
   544 | D:1      | You fall through a shaft!
   561 | D:2      | Reached XP level 3. HP: 33/33 MP: 3/3
  1165 | D:2      | Found a glowing golden altar of the Shining One.
  1869 | D:3      | Reached XP level 4. HP: 39/40 MP: 4/4
  2640 | D:4      | Noticed a phantom
  2665 | D:4      | Killed a phantom
  2665 | D:4      | Reached skill level 4 in Axes
  2665 | D:4      | Reached XP level 5. HP: 33/47 MP: 5/5
  2714 | D:4      | Noticed a phantom
  2752 | D:4      | Reached skill level 5 in Axes
  3268 | D:4      | Killed a phantom
  3268 | D:4      | Reached XP level 6. HP: 47/53 MP: 6/6
  3354 | D:5      | Entered Level 5 of the Dungeon
  3375 | D:5      | Became a worshipper of Beogh the Brigand
  3380 | D:5      | Reached skill level 1 in Dodging
  3420 | D:5      | Reached skill level 6 in Axes
  3464 | D:5      | Reached XP level 7. HP: 23/60 MP: 7/7
  3468 | D:5      | Reached skill level 1 in Throwing
  3741 | D:5      | Reached skill level 5 in Fighting
  3849 | D:5      | Reached skill level 7 in Axes
  4024 | D:5      | Found a radiant altar of Vehumet.
  4173 | D:6      | Reached * piety under Beogh
  4405 | D:6      | Reached skill level 5 in Armour
  4430 | D:6      | Reached skill level 5 in Shields
  4430 | D:6      | Reached XP level 8. HP: 51/68 MP: 8/8
  4494 | D:6      | Reached skill level 8 in Axes
  5232 | D:6      | Found a bloodstained altar of Trog.
  5233 | D:6      | Noticed a wizard
  5238 | D:6      | Killed a wizard
  5364 | D:6      | Found an ancient bone altar of Kikubaaqudgha.
  5364 | D:6      | Found a shattered altar of Ashenzari.
  5372 | D:6      | Found a faded altar of an unknown god.
  5374 | D:6      | Found a shadowy altar of Dithmenos.
  5376 | D:6      | Found a faded altar of an unknown god.
  5431 | D:6      | Found a staircase to the Ecumenical Temple.
  5453 | Temple   | Entered the Ecumenical Temple
  5589 | D:6      | Learned a level 1 spell: Flame Tongue
  5628 | D:7      | Noticed Joseph
  5656 | D:7      | Killed Joseph
  5656 | D:7      | Reached skill level 9 in Axes
  5669 | D:7      | Reached XP level 9. HP: 21/75 MP: 9/9
  6164 | D:7      | Found a hide-covered altar of Uskayaw.
  6219 | D:7      | Reached ** piety under Beogh
  6246 | D:7      | Noticed Prince Ribbit
  6250 | D:7      | Killed Prince Ribbit
  6250 | D:7      | Reached skill level 10 in Axes
  7289 | D:8      | Reached skill level 1 in Invocations
  7325 | D:8      | Reached skill level 11 in Axes
  7342 | D:8      | Reached XP level 10. HP: 48/86 MP: 10/10
  7905 | D:8      | Noticed a two-headed ogre
  7916 | D:8      | Killed a two-headed ogre
  8234 | D:8      | Found a staircase to the Lair.
  8539 | D:8      | Found a glowing golden altar of the Shining One.
  9102 | D:9      | Reached *** piety under Beogh
  9132 | D:9      | Noticed a two-headed ogre
  9149 | D:9      | Killed a two-headed ogre
  9149 | D:9      | Reached skill level 12 in Axes
  9186 | D:9      | Reached XP level 11. HP: 37/95 MP: 1/12
  9561 | D:9      | Reached skill level 1 in Conjurations
  9798 | D:9      | Reached skill level 1 in Fire Magic
 10306 | D:10     | Entered Level 10 of the Dungeon
 10359 | D:10     | Noticed a two-headed ogre
 10367 | D:10     | Killed a two-headed ogre
 10367 | D:10     | Reached skill level 13 in Axes
 10367 | D:10     | Reached skill level 1 in Stealth
 10528 | D:10     | Noticed a two-headed ogre
 10534 | D:10     | Killed a two-headed ogre
 11144 | D:11     | Noticed Erolcha
 11151 | D:11     | Killed Erolcha
 11151 | D:11     | Reached skill level 1 in Spellcasting
 11194 | D:11     | Noticed a brown ugly thing
 11217 | D:11     | Killed a brown ugly thing
 11558 | D:11     | Reached skill level 1 in Evocations
 11572 | D:11     | Found a glowing golden altar of the Shining One.
 11765 | D:11     | Noticed Urug
 11766 | D:11     | Noticed Sonja
 11775 | D:11     | Noticed a manticore
 11784 | D:11     | Killed Urug
 11785 | D:11     | HP: 2/97 [poisoned by Urug]
 11786 | D:11     | Succumbed to Urug's poison

Vault maps used:
D:1:      tarquinn_simple_flora_water_e, serial_bayou_pond_e
D:2:      first_ration, nicolae_tso_carved_into_rock
D:5:      old_standard_altar, grunt_ministairs_14
D:6:      chequers_temple_overflow_minitemple, minmay_temple_entry_fiery,
          trog_wizard
D:7:      lemuel_crystal_altar, uniq_prince_ribbit1, uniq_joseph
D:8:      marbit_many_paths, due_lair_maze_entry_diamond
D:11:     basic_altar, uniq_sonja, uniq_urug, uniq_erolcha
Temple:   eino_temple_scatter_basement

Skill      XL: |  1  2  3  4  5  6  7  8  9 10 11 |
---------------+----------------------------------+-----
Axes           | 3 4 5 6 7 9 11 12 13 | 13.8
Fighting       | 4 5 6 7 8 9 |  9.5
Armour         | 4 5 6 8 |  8.4
Shields        | 4 5 6 7 8 9 |  9.0
Dodging        | 1 2 3 |  3.4
Throwing       | 1 2 4 |  4.5
Invocations    | 1 2 |  2.1
Conjurations   | 1 |  1.5
Fire Magic     | 1 |  1.5
Stealth        | 1 |  1.2
Spellcasting   | 1 |  1.0
Evocations     | 1 |  1.0

Action                   |  1- 3 |  4- 6 |  7- 9 | 10-12 || total
-------------------------+-------+-------+-------+-------++-------
Melee: War axe           |   116 |   102 |   398 |   359 ||   975
Throw: Javelin           |     3 |    12 |    30 |    22 ||    67
       Tomahawk          |       |       |       |    27 ||    27
 Cast: Flame Tongue      |       |       |       |    14 ||    14
Invok: Convert to Beogh  |       |     1 |       |       ||     1
       Smiting           |       |       |     4 |     6 ||    10
Evoke: Wand              |       |       |    10 |     1 ||    11
  Use: Scroll            |     3 |     3 |     1 |     5 ||    12
       Potion            |       |     3 |     6 |     4 ||    13
 Stab: Distracted        |       |       |       |     1 ||     1
  Eat: Chunk             |     2 |     6 |    26 |    26 ||    60
       Ration            |     1 |       |       |       ||     1
Armor: Scale mail        |    72 |    56 |   165 |   127 ||   420
       Skin              |       |       |     1 |     6 ||     7
Dodge: Dodged            |    46 |    43 |   141 |   117 ||   347
Block: Shield            |    69 |    49 |   213 |   200 ||   531

Table legend:
 A = Spawn XP
 B = Non-spawn XP
 C = Spawn XP percentage of total XP
 D = Spawn monster count
 E = Non-spawn monster count
 F = Spawn count percentage of total count
 G = Total turns spent on level
                    A         B        C        D         E        F      G
               +---------+---------+-------+---------+---------+-------+---------
         Total |       0 |   16892 |   0.0 |       0 |     249 |   0.0 | 11786
               +---------+---------+-------+---------+---------+-------+---------
           D:1 |       0 |      34 |   0.0 |       0 |      21 |   0.0 |   947
           D:2 |       0 |      27 |   0.0 |       0 |      10 |   0.0 |   733
           D:3 |       0 |      40 |   0.0 |       0 |      17 |   0.0 |   805
           D:4 |       0 |     327 |   0.0 |       0 |       9 |   0.0 |   883
           D:5 |       0 |     552 |   0.0 |       0 |      22 |   0.0 |   792
           D:6 |       0 |     830 |   0.0 |       0 |      31 |   0.0 |  1460
           D:7 |       0 |    1693 |   0.0 |       0 |      24 |   0.0 |  1228
           D:8 |       0 |    3471 |   0.0 |       0 |      48 |   0.0 |  2074
           D:9 |       0 |    4086 |   0.0 |       0 |      36 |   0.0 |  1382
          D:10 |       0 |    3049 |   0.0 |       0 |      16 |   0.0 |   838
          D:11 |       0 |    2783 |   0.0 |       0 |      15 |   0.0 |   642
               +---------+---------+-------+---------+---------+-------+---------
